Cogmind - Beta 16 @@@ ROGUE MODE // 2026.01.21 @ 19:23:38 Player: Jimothy Jimone Result: Destroyed by 7W-JRY(j) with Overtuned Pulse Rifle Performance ------------- Evolutions (0) 0 Regions Visited (3) 600 Robots Destroyed (1) 5 Value Destroyed (53) 53 Prototype IDs (2) 40 Alien Tech Used (0) 0 Bonus (800) 800 TOTAL SCORE: 1498 Bonus ------- Registered with UFD 300 Met Optimus in HQ 500 Cogmind --------- Core Integrity 0/250 Matter 265/300 Energy 99/100 System Corruption 0% Temperature Cool (35) Movement Walking (120) Location -7/Scraptown Parts ------- > --- POWER (1) -------- (None) > --- PROPULSION (2) --- Aluminum Leg Aluminum Leg > --- UTILITY (2) ------ Launcher Guidance Computer > --- WEAPON (2) ------- Enhanced Autogun > --- INVENTORY (5) ---- Scrapoid Pod Peak State ------------ > --- POWER ------------ Light Deuterium Engine > --- PROPULSION ------- Aluminum Leg Combat Airjet > --- UTILITY ---------- Launcher Guidance Computer > --- WEAPON ----------- (None) > --- INVENTORY -------- (None) [Rating: 13] Favorites ----------- Power Light Deuterium Engine Engine Light Deuterium Engine Propulsion Aluminum Leg Leg Aluminum Leg Hover Unit Combat Airjet Utility Launcher Guidance Computer Processor Launcher Guidance Computer Weapon Assault Rifle Energy Gun Small Laser Ballistic Gun Assault Rifle Build | -11 -10 -10 -7 ------- Run | Yrd Mat Sub Scr Slots Evolved . | . . . . Power . | . . . . Propulsion . | . . . . Utility . | . . . . Weapon . | . . . . Parts Attached 9 | 7 . 1 1 Power 1 | 1 . . . Engine 1 | 1 . . . Core . | . . . . Reactor . | . . . . Propulsion 3 | 3 . . . Treads . | . . . . Leg 2 | 2 . . . Wheel . | . . . . Hover 1 | 1 . . . Flight . | . . . . Utility 1 | 1 . . . Device . | . . . . Storage . | . . . . Processor 1 | 1 . . . Hackware . | . . . . Protection . | . . . . Artifact . | . . . . Weapon 4 | 2 . 1 1 Energy Gun 1 | 1 . . . Energy Cannon . | . . . . Ballistic Gun 3 | 1 . 1 1 Ballistic Cannon . | . . . . Launcher . | . . . . Special Weapon . | . . . . Impact Weapon . | . . . . Slashing Weapon . | . . . . Piercing Weapon . | . . . . Special Melee Weapon . | . . . . Unidentified Prototypes 1 | . . . 1 Parts Lost 2 | . . . 2 Power 1 | . . . 1 Propulsion . | . . . . Utility . | . . . . Weapon 1 | . . . 1 Highest Loss Streak 2 | . . . 2 To Critical Strikes . | . . . . Average Backups . | . . . . Power . | . . . . Propulsion . | . . . . Utility . | . . . . Weapon . | . . . . Tool/Special . | . . . . Unused Backups 1 | . . . 1 Power . | . . . . Propulsion . | . . . . Utility . | . . . . Weapon . | . . . . Tool/Special 1 | . . . 1 Average Slot Usage (%) 79 | . 85 85 78 Engine 13 | . 14 14 13 Leg 28 | . 28 28 28 Processor 14 | . 14 14 14 Energy Gun 2 | . 14 10 . Ballistic Gun 20 | . 14 17 21 Peak Build Rating 13 | 13 11 12 12 Average Rating 4 | . 11 11 11 On Entrance 8 | . 11 11 12 Avg Prop Armor Cover (%) . | . . . . Naked Turns . | . . . . Heaviest Build 11 | 8 8 11 11 Greatest Support 20 | 20 20 20 20 Greatest Overweight (x) 1 | 1 . . . Average Overweight (x) . | . . . . Largest Inventory Capacity 5 | 5 5 5 5 Average Capacity 5 | 5 5 5 5 Most Carried 2 | . . . 2 Average Carried . | . . . . Final Capacity 5 | 5 5 5 5 Final Carried 2 | . . . 2 Class Distribution -------------------- 100% | Mutant Dominant Class ---------------- Mutant | -10/Materials Mutant | -10/Subcaves Mutant | -7/Scraptown Resources | -11 -10 -10 -7 ----------- Run | Yrd Mat Sub Scr Matter Collected 233 | 233 . . . Remotely . | . . . . Salvage Created 30 | 30 . . . Parts 3 | 3 . . . Haulers Intercepted . | . . . . Recyclers Shooed . | . . . . Parts Field Recycled . | . . . . Retrieved Matter . | . . . . Parts Self-Destructed 6 | . . 3 3 Prevented . | . . . . Parts Restored . | . . . . Kills | -11 -10 -10 -7 ------- Run | Yrd Mat Sub Scr Combat Hostiles Destroyed 1 | 1 . . . Melee 1 | 1 . . . Classes Destroyed 1 | 1 . . . Demolisher 1 | 1 . . . Best Kill Streak 1 | 1 . . . Combat Bots Only 1 | 1 . . . Max Kills in Single Turn 1 | 1 . . . Gunslinging . | . . . . Exploded . | . . . . Melee 1 | 1 . . . Uniques/NPCs Destroyed . | . . . . Combat | -11 -10 -10 -7 -------- Run | Yrd Mat Sub Scr Hostile Shots Fired 45 | 5 . . 40 Missed 18 | 1 . . 17 Hits 27 | 4 . . 23 Projectile 27 | 4 . . 23 AOE 4 | 4 . . . Critical Strikes 1 | . . . 1 Damage Taken 583 | 191 . . 392 Core 255 | 191 . . 64 Absorbed by Shields . | . . . . Core Remaining (%) 23 | 23 . . . Volleys Fired 4 | . . . 4 Largest 1 | . . . 1 Hottest 25 | . . . 25 Shots Fired 4 | . . . 4 Gun 4 | . . . 4 Cannon . | . . . . Launcher . | . . . . Special . | . . . . Kinetic 4 | . . . 4 Thermal . | . . . . Explosive . | . . . . Electromagnetic . | . . . . Robot Hit Streak 2 | . . . 2 Robot Miss Streak 1 | . . . 1 Penetration Max . | . . . . Secondary Targets . | . . . . Shots Hit Robots 3 | . . . 3 Core Hits 4 | 3 . . 1 Critical Kills . | . . . . Critical Parts Destroyed . | . . . . Critical Strikes . | . . . . Melee Attacks . | . . . . Impact . | . . . . Slashing . | . . . . Piercing . | . . . . Sneak Attacks . | . . . . Combat Hostiles . | . . . . Follow-up Attacks . | . . . . Damage Inflicted 82 | 22 . . 60 Guns 60 | . . . 60 Cannons . | . . . . Explosions . | . . . . Melee . | . . . . Ramming 22 | 22 . . . Kinetic 60 | . . . 60 Thermal . | . . . . Explosive . | . . . . Electromagnetic . | . . . . Impact . | . . . . Slashing . | . . . . Piercing . | . . . . Highest Corruption . | . . . . Average Corruption . | . . . . Corruption Purged . | . . . . Corruption Blocked . | . . . . Overload Shots . | . . . . Overflow Damage . | . . . . Projectiles . | . . . . Explosions . | . . . . Melee . | . . . . Knockbacks . | . . . . Impact . | . . . . Kinetic . | . . . . Secondary . | . . . . Self-Inflicted Damage 9 | 9 . . . Shots . | . . . . Rammed 9 | 9 . . . Targets Rammed 9 | 9 . . . Kicked . | . . . . Crushed . | . . . . Highest Temperature 36 | . . . 36 Average Temperature 16 | . . . 16 Received Heat Transfer 217 | . . . 217 Siege Activations . | . . . . Martial Activations . | . . . . Shielding Activations . | . . . . Robots Disrupted . | . . . . Combat Hostiles . | . . . . Robots Corrupted . | . . . . Combat Hostiles . | . . . . Parts Fried . | . . . . Impact Corruptions . | . . . . Robots Melted . | . . . . Combat Hostiles . | . . . . Parts Melted . | . . . . Heat Transferred . | . . . . Parts Sabotaged . | . . . . Parts Stolen . | . . . . Parts Stripped . | . . . . Power Chain Reactions . | . . . . Alert | -11 -10 -10 -7 ------- Run | Yrd Mat Sub Scr Maximum Alert Level . | . . . . Low Security (%) 100 | 100 100 . . Level 1 . | . . . . Level 2 . | . . . . Level 3 . | . . . . Level 4 . | . . . . Level 5 . | . . . . High Security . | . . . . Max Security . | . . . . Peak Influence 20 | 20 11 . . Initial 11 | . 11 . . Average . | . . . . Influence Increases 20 | 20 . . . Destroy 0b10 Robot/C 20 | 20 . . . Influence Decreases 20 | 3 17 . . Entered New Map 6 | . 6 . . Time Decay 14 | 3 11 . . Squads Dispatched 1 | . 1 . . Investigation . | . . . . Extermination . | . . . . Reinforcement 1 | . 1 . . Assault . | . . . . Garrison . | . . . . Intercept . | . . . . Searches Triggered . | . . . . Construction Impeded . | . . . . Haulers Reinforced . | . . . . Active Scanning Responses . | . . . . Cargo Convoy Interrupts . | . . . . Stealth | -11 -10 -10 -7 --------- Run | Yrd Mat Sub Scr Distress Signals 1 | . 1 . . Communications Jammed . | . . . . Distress Signals . | . . . . Times Spotted 14 | 1 4 1 8 Peak Tracking Total 5 | 1 4 1 5 Tactical Retreats . | . . . . Traps | -11 -10 -10 -7 ------- Run | Yrd Mat Sub Scr Traps Triggered . | . . . . Indirectly . | . . . . Trap Hack Attempts . | . . . . Triggered . | . . . . Disarmed . | . . . . Reprogrammed . | . . . . Reused . | . . . . Traps Extracted . | . . . . Installed . | . . . . Triggered . | . . . . Machines | -11 -10 -10 -7 ---------- Run | Yrd Mat Sub Scr Machines Disabled . | . . . . Max in Single Turn . | . . . . Machines Repaired . | . . . . Machines Dismantled . | . . . . Machines Sabotaged . | . . . . Overloaded Fab Kills . | . . . . Hacking | -11 -10 -10 -7 --------- Run | Yrd Mat Sub Scr Machines Accessed 10 | . 1 . 9 Terminals 1 | . 1 . . Fabricators . | . . . . Repair Stations . | . . . . Recycling Units . | . . . . Scanalyzers . | . . . . Garrison Access . | . . . . Total Hacks 71 | . 1 . 70 Successful 71 | . 1 . 70 Failed . | . . . . Catastrophic . | . . . . Database Lockouts . | . . . . Manual 1 | . 1 . . Terminals 1 | . 1 . . Fabricators . | . . . . Repair Stations . | . . . . Recycling Units . | . . . . Scanalyzers . | . . . . Garrison Access . | . . . . Terminal Hacks 71 | . 1 . 70 Record 65 | . . . 65 Robot Analysis 5 | . . . 5 Zone Layout 1 | . 1 . . Fabricator Hacks . | . . . . Repair Station Hacks . | . . . . Recycling Unit Hacks . | . . . . Scanalyzer . | . . . . Garrison Access Hacks . | . . . . Unauthorized Hacks . | . . . . Terminals . | . . . . Fabricators . | . . . . Repair Stations . | . . . . Recycling Units . | . . . . Scanalyzers . | . . . . Garrison Access . | . . . . Data Cores Recovered . | . . . . Used . | . . . . Hacking Detections 1 | . 1 . . Full Trace Events . | . . . . Feedback Events . | . . . . Feedback Blocked . | . . . . Robot Schematics Acquired . | . . . . Robots Built . | . . . . Authchips . | . . . . Time . | . . . . Total Robot Build Rating . | . . . . Part Schematics Acquired . | . . . . Parts Built . | . . . . Authchips . | . . . . Time . | . . . . Total Part Build Rating . | . . . . Part Studies Acquired . | . . . . Parts Repaired . | . . . . Time . | . . . . Parts Recycled . | . . . . Recycled Matter . | . . . . Retrieved Matter . | . . . . Retrieved Components . | . . . . Parts Scanalyzed . | . . . . Part Schematics Acquired . | . . . . Parts Damaged . | . . . . Bothacking | -11 -10 -10 -7 ------------ Run | Yrd Mat Sub Scr Used RIF Installer . | . . . . Robots Hacked . | . . . . Non-combat . | . . . . Combat . | . . . . Robot Hacks Applied . | . . . . Relay Couplers Released . | . . . . Fabnet Peak Effective % . | . . . . Robots Rewired . | . . . . Allies Hacked . | . . . . Hacks Repelled . | . . . . Allies | -11 -10 -10 -7 -------- Run | Yrd Mat Sub Scr Total Allies . | . . . . Largest Group . | . . . . Highest-Rated Group . | . . . . Highest-Rated Ally . | . . . . Total Orders . | . . . . Ally Attacks . | . . . . Total Damage . | . . . . Kills . | . . . . Allies Corrupted . | . . . . Allies Melted . | . . . . Intel | -11 -10 -10 -7 ------- Run | Yrd Mat Sub Scr Active Infowar (turns) . | . . . . Robot Analysis Total 5 | . . . 5 Derelict Logs Recovered 1 | . . . 1 Drone Launches . | . . . . Drone Recoveries . | . . . . Exploration | -11 -10 -10 -7 ------------- Run | Yrd Mat Sub Scr Turns Passed 6773 | 3936 234 253 2350 Spaces Moved 3620 | 1268 193 210 1949 Core 1208 | 1208 . . . Treads . | . . . . Legs 2384 | 32 193 210 1949 Wheels . | . . . . Hover 28 | 28 . . . Flight . | . . . . Fastest Speed 50 | 50 120 120 120 Average Speed 96 | 52 120 120 120 Slowest Speed 120 | 120 120 120 120 Overloaded Moves . | . . . . Propulsion Burnouts . | . . . . Robots Hopped . | . . . . Potential Cave-ins . | . . . . Cave-ins Triggered . | . . . . Exploration Rate (%) 59 | 90 39 18 89 Regions Visited 3 Branch Regions 2 Pre-discovered Areas . | . . . . Known Exits Taken . | . . . . Unknown Exits Taken 3 | 1 1 1 . Scrap Searched . | . . . . Spaces Dug . | . . . . Terrain Destroyed . | . . . . Melee . | . . . . Projectile . | . . . . AOE . | . . . . Terrain Rammed . | . . . . Walls Destroyed . | . . . . Machines Disabled . | . . . . Actions | -11 -10 -10 -7 --------- Run | Yrd Mat Sub Scr Total 6897 | 4534 195 210 1958 Wait 3254 | 3251 3 . . Move 3617 | 1267 192 209 1949 Hop . | . . . . Pick Up 1 | . . . 1 Fast Attach 7 | 6 . . 1 Attach . | . . . . Detach . | . . . . Swap 2 | 1 . 1 . Drop . | . . . . Fire 4 | . . . 4 Melee . | . . . . Ram 9 | 9 . . . Kick . | . . . . Crush . | . . . . Escape Stasis . | . . . . Rewire 3 | . . . 3 Trap . | . . . . Miscellaneous . | . . . . Route ------- -11/Scrapyard -10/Materials (discovered 2 exits: [*Min] / [*Sub]) -10/Subcaves -7/Scraptown (discovered 2 exits: [*Fac x2]) History --------- Turn | Location | Event 1092 | -11/Scrapyard | Discovered new exit (range 16) 2437 | -11/Scrapyard | Assembled infested the area 3859 | -11/Scrapyard | Core integrity fell below 50% 3937 | -11/Scrapyard | Entered Materials 3938 | -10/Materials | Build established: Mutant 3938 | -10/Materials | Met a group of wandering Federalists 3987 | -10/Materials | Discovered new exit (range 13) 4166 | -10/Materials | Discovered new exit (range 6) 4171 | -10/Materials | Entered Subcaves 4171 | -10/Subcaves | Accompanied by 2 allies 4172 | -10/Subcaves | Continued accompanying wandering Federalists (5) 4410 | -10/Subcaves | Wandering Federalist uncovered a shortcut to Scraptown 4424 | -10/Subcaves | Entered Scraptown 4784 | -7/Scraptown | Visited TADAMA 4814 | -7/Scraptown | Visited Science Testing Area 4845 | -7/Scraptown | Visited UFD Registry 4845 | -7/Scraptown | Registered with UFD as "Metalparser" 4879 | -7/Scraptown | Heard Great Nut preacher, LISTEN AND RECITE! 4886 | -7/Scraptown | Visited IN-MT5's Study 4974 | -7/Scraptown | Visited Cyclists 4989 | -7/Scraptown | Entered Cyclist Reading Room 5025 | -7/Scraptown | Visited Bundlers 5383 | -7/Scraptown | Visited Junk Repository 5529 | -7/Scraptown | Scanned Subdweller tech in exchange for log data 5534 | -7/Scraptown | Learned location of 1 exit from Factory 5548 | -7/Scraptown | Discovered new exit (range 11) 5629 | -7/Scraptown | Guru changed UFD alias to "Chainroller" 5944 | -7/Scraptown | Visited Scrapoid Research Area 5986 | -7/Scraptown | Visited Curators Association 6041 | -7/Scraptown | Visited Abandonware Association 6056 | -7/Scraptown | Learned abandonware demo "OVRCLOCK.EXE" 6074 | -7/Scraptown | Learned abandonware demo "SHUTEYE.EXE" 6195 | -7/Scraptown | Visited LU-1G1's Boring Crew 6271 | -7/Scraptown | Visited Observation Area 6361 | -7/Scraptown | Visited Artisan Demo Area 6565 | -7/Scraptown | Met Optimus 6565 | -7/Scraptown | Accepted into 0bPrime 6619 | -7/Scraptown | Visited Scrapoid Pod Storage 6627 | -7/Scraptown | Found Scrapoid Pod 6647 | -7/Scraptown | Civil war broke out across Scraptown 6672 | -7/Scraptown | Visited Analyses Database 6752 | -7/Scraptown | Lost 3 allies 6759 | -7/Scraptown | Discovered new exit (range 14) 6769 | -7/Scraptown | Core integrity fell below 20% 6774 | -7/Scraptown | Destroyed by 7W-JRY(j) with Overtuned Pulse Rifle Last Messages --------------- repair Imp. Deuterium Engine. Bolt penetrates Wall. Penetrated by Bolt. Bolt penetrates Wall. TR-EHY(h) switches sides: "Sorry everyone but I think they're right!" Bolt penetrates ML-YN4(j). Bolt penetrates Wall. TR-EHY(h) destroyed. EXIT=FOUND Bolt penetrates Wall. Critical hit (Burn: +50). Penetrated by Bolt. Assault Rifle destroyed. Penetrated by Bolt. Acquired Prototype Ballistic Gun. Identified Enh. Autogun. Lgt. Deuterium Engine destroyed. FM-A2A(j) heat damages Lgt. Deuterium Engine. Penetrated by Bolt. Map ----- +----------------------------------------------------+ | | | | | | | | | | | | | | | | | | | ?????????????????????????????????????????????????? | | ?????????????????????????????????????????????????? | | ?????????????????????????????????????????????????? | | ?????????????????????????????????????????????????? | | ?????????????????????????????????????????????????? | | ?????????????????????????????????????????????????? | | ?????????????????????????????????????????????????? | | ?????????????????????????????????????????????????? | | ?????????????????????????????????????????????????? | | ?????????????????????????????????????????????????? | | ?????????????????????????????????????????????????? | | ?????????????????????????????????????????????????? | | ?????????????????????????????????????????????????? | | ###################???####????#???%#?????????????? | | """##"""##""|##"""#??## ##??=##=